 Dungeon Crawl Stone Soup version 0.27-a0-1137-g3ef0f4ec91 (webtiles) character file.

Game seed: 6848951605941843316

1562 leviel the Cleaver (level 9, -12/66 HPs)
             Began as a Formicid Fighter on May 6, 2021.
             Was an Initiate of Gozag.
             Mangled by an orc warrior
             ... wielding a +0 battleaxe
              (18 damage)
             ... on level 6 of the Dungeon.
             The game lasted 00:09:06 (7075 turns).

leviel the Cleaver (Formicid Fighter)               Turns: 7075, Time: 00:09:07

Health: -12/66     AC:  7    Str: 25    XL:     9   Next: 13%
Magic:  9/9        EV:  9    Int:  7    God:    Gozag
Gold:   646        SH: 16    Dex: 10    Spells: 8/8 levels left

rFire    . . .     SeeInvis +   a - +0 war axe
rCold    . . .     Faith    .   c - +0 kite shield
rNeg     . . .     Spirit   .   b - +0 scale mail
rPois    .         Reflect  +   (helmet unavailable)
rElec    .         Harm     .   (no cloak)
rCorr    .         Rampage  .   (no gloves)
Will     .....                  (no boots)
Stlth    ..........             l - amulet of reflection
HPRegen  0.21/turn              (no ring)
MPRegen  0.11/turn              (no ring)

@: gold aura
A: permanent stasis, dig shafts and tunnels, antennae 3, four strong arms
a: Dig, Shaft Self, Renounce Religion, Potion Petition, Call Merchant, Bribe
Branch


You were on level 6 of the Dungeon.
You worshipped Gozag.
Gozag was pleased with you.
You visited 1 branch of the dungeon, and saw 6 of its levels.

You collected 666 gold pieces.
You paid 20 gold pieces to Gozag.

Inventory:

Hand Weapons
 a - a +0 war axe (weapon)
Missiles
 f - 21 poisoned darts (quivered)
 n - 2 boomerangs of dispersal
 r - 4 javelins
Armour
 b - a +0 scale mail (worn)
 c - a +0 kite shield (worn)
Jewellery
 h - a +4 ring of slaying
 i - a ring of fire
 l - an amulet of reflection (around neck)
Wands
 s - a wand of iceblast (12)
Scrolls
 e - 2 scrolls of amnesia {unknown}
 g - a scroll of enchant armour {unknown}
 o - a scroll of holy word {unknown}
 p - a scroll of magic mapping
 q - 2 scrolls of enchant weapon {unknown}
 t - 4 scrolls of identify
 v - a scroll of acquirement {unknown}
Potions
 d - a potion of might
 j - a potion of ambrosia {unknown}
 k - a potion of brilliance {unknown}
 m - a potion of cancellation {unknown}
 u - a potion of invisibility {unknown}
 w - a potion of magic {unknown}


   Skills:
 + Level 4.6 Fighting
 * Level 8.2 Axes
 + Level 1.7 Throwing
 + Level 5.4 Armour
 + Level 1.5 Dodging
 + Level 6.4 Shields


You had 8 spell levels left.
You didn't know any spells.
Your spell library contained the following spells:

 Spells                   Type           Power      Damage    Failure   Level
 Corona                   Hex            0%         N/A       88%         1
 Ensorcelled Hibernation  Hex/Ice        0%         N/A       95%         2
 Slow                     Hex            0%         N/A       95%         2
 Confusing Touch          Hex            0%         N/A       99%         3
 Dazzling Flash           Conj/Hex       0%         N/A       99%         3
 Inner Flame              Hex/Fire       0%         N/A       99%         3
 Portal Projectile        Hex/Tloc       0%         N/A       99%         3
 Tukima's Dance           Hex            0%         N/A       99%         3
 Cause Fear               Hex            0%         N/A       100%        4
 Leda's Liquefaction      Hex/Erth       0%         N/A       100%        4


Dungeon Overview and Level Annotations

Branches:
Dungeon (6/15)             Temple (0/1) D:6

Altars:
Cheibriados
Gozag
Kikubaaqudgha
Nemelex Xobeh
Qazlal
Xom
Zin
The Shining One


Innate Abilities, Weirdness & Mutations

You cannot be hasted, slowed, berserked, paralysed or teleported.
You can dig through walls and to a lower floor.
You have a pair of large antennae on your head. (SInv)
Your four strong arms can wield two-handed weapons with a shield.


Message History

The orc priest is almost dead.
You hit the orc warrior. You block the orc warrior's attack.
The white imp shouts, "Decamp, thou mammering mumble-news varlet!"
You hit the orc priest.
You kill the orc priest!
You hit the orc warrior but do no damage.
You block the orc warrior's attack.
You barely miss the orc warrior.
The orc warrior is moderately wounded.
You barely miss the orc. The orc hits you with a +0 whip.
You block the orc warrior's attack.
You hit the orc warrior but do no damage.
The orc warrior is moderately wounded.
You closely miss the orc. You block the orc's attack.
The white imp becomes distracted by the nearby gold, dreaming of imaginary riches.
The orc warrior hits you with a +0 battleaxe!
The orc hits you but does no damage.
The orc warrior hits you with a +0 battleaxe!
The white imp shouts, "Away with thee, thou surly beef-witted barnacle!"
You hit the orc warrior but do no damage.
The orc warrior is moderately wounded.
You hit the orc but do no damage. The orc hits you but does no damage.
The orc warrior hits you with a +0 battleaxe!!
You are too injured to fight recklessly!
You slash the orc warrior!
The orc warrior is heavily wounded.
You hit the orc but do no damage. The orc hits you but does no damage.
The orc warrior hits you with a +0 battleaxe!!
* * * LOW HITPOINT WARNING * * *
You slash the orc warrior!
The orc warrior is almost dead.
You hit the orc but do no damage. You block the orc's attack.
You block the orc warrior's attack.
You closely miss the orc warrior.
The orc warrior is almost dead.
You slash the orc!
You kill the orc!
The orc warrior hits you with a +0 battleaxe!!
You die...
Your body crumbles into a pile of gold.

####.. #...... #....
#####.###..
###.##.####.....# ##.
...............####.
#.....8.8.8.....##.
###..##..⌠.⌠.........
#.......8.>.8.#.#.##.
#.#..#...⌠.⌠..#.#.##.
#$@##.8.8.8.#.#.##.
#$o##.........#.##.
#.5#####...........
#..# ############
#..# # #..# # #..#
#### ...# #... #.#
#.##


You could see an orc warrior and a white imp.

Vanquished Creatures
  2 sky beasts
  An ice beast (D:5)
  A black bear (D:5)
  2 necrophages
  2 ogres
  A centaur (D:5)
  A phantom (D:6)
  A bullfrog (D:6)
  A scorpion (D:5)
  A water moccasin skeleton (D:5)
  A centaur zombie (D:5)
  2 hounds (D:4)
  2 orc priests
  3 iguanas
  A scorpion zombie (D:5)
  3 orc wizards
  A killer bee zombie (D:5)
  4 gnolls (D:4)
  3 adders (D:2)
  A howler monkey skeleton (D:4)
  An ufetubus (D:5)
  A worm (D:2)
  2 dart slugs (D:3)
  17 orcs
  7 endoplasms
  2 giant cockroaches
  12 goblins
  12 hobgoblins
  5 jackals (D:1)
  2 quokkas
  5 ball pythons
  3 bats
  4 frilled lizards
  4 kobolds
  3 rats
114 creatures vanquished.

Notes
Turn   | Place    | Note
-------+----------+-------------------------------------------
     0 | D:1      | leviel the Formicid Fighter began the quest for the Orb.
     0 | D:1      | Reached XP level 1. HP: 18/18 MP: 1/1
   221 | D:1      | Reached XP level 2. HP: 24/24 MP: 2/2
   721 | D:1      | Reached XP level 3. HP: 26/29 MP: 3/3
   860 | D:1      | You fall into a shaft and drop 1 floor!
   995 | D:2      | Reached skill level 1 in Throwing
  1318 | D:2      | Reached XP level 4. HP: 32/36 MP: 4/4
  1321 | D:2      | Reached skill level 3 in Axes
  1452 | D:2      | Found a faded altar of an unknown god.
  2152 | D:3      | Found an opulent altar of Gozag.
  2152 | D:3      | Found a sparkling altar of Nemelex Xobeh.
  2158 | D:3      | Became a worshipper of Gozag Ym Sagoz the Greedy
  2188 | D:3      | Found a glowing silver altar of Zin.
  2666 | D:4      | Noticed a necrophage
  2675 | D:4      | Reached XP level 5. HP: 35/41 MP: 5/5
  2680 | D:4      | Killed a necrophage
  2681 | D:4      | Reached skill level 4 in Axes
  2700 | D:4      | Noticed an ogre
  2719 | D:4      | Killed an ogre
  2720 | D:4      | Reached XP level 6. HP: 20/48 MP: 6/6
  3169 | D:4      | Found a stormy altar of Qazlal.
  3170 | D:4      | Found a snail-covered altar of Cheibriados.
  3233 | D:4      | Found an ancient bone altar of Kikubaaqudgha.
  3233 | D:4      | Found a glowing golden altar of the Shining One.
  3262 | D:4      | Reached skill level 5 in Axes
  4004 | D:4      | Reached XP level 7. HP: 37/53 MP: 7/7
  4808 | D:5      | Entered Level 5 of the Dungeon
  4822 | D:5      | Reached skill level 5 in Shields
  4955 | D:5      | Reached skill level 6 in Axes
  5224 | D:5      | Reached XP level 8. HP: 43/60 MP: 8/8
  5238 | D:5      | Reached skill level 1 in Dodging
  5755 | D:5      | Reached skill level 7 in Axes
  6051 | D:5      | Reached skill level 5 in Armour
  6826 | D:6      | Found a shimmering altar of Xom.
  6898 | D:6      | Reached skill level 8 in Axes
  6898 | D:6      | Reached XP level 9. HP: 43/66 MP: 9/9
  7044 | D:6      | Found a staircase to the Ecumenical Temple.
  7075 | D:6      | Mangled by an orc warrior

Illustrated notes

Levels and vault maps discovered:
D:1:      minmay_arrival_solitary_statue, layout_basic
D:2:      layout_rooms, shapermc_ecumenical_altar_mp_vishouse
D:3:      layout_basic, grunt_temple_overflow_opulence, lemuel_doored_altar,
          serial_rivers, chequers_serial_rivers_room_b,
          chequers_serial_rivers_micro_e, chequers_serial_rivers_small_b,
          chequers_serial_rivers_small_a
D:4:      layout_loops_corners, grunt_temple_overflow_open, grunt_ministairs_12,
          minmay_misc_feat_tiny, st_stairs_9, minmay_goblin_outpost
D:5:      layout_basic
D:6:      layout_loops_ring, lemuel_tele_altar,
          minmay_temple_entry_statues_fountains, gup_sewer_entry_pipe

Skill      XL: |  1  2  3  4  5  6  7  8 |
---------------+-------------------------+-----
Shields        | 4 5 6 |  6.4
Throwing       | 1 |  1.7
Axes           | 3 4 5 6 8 |  8.2
Armour         | 4 5 |  5.4
Fighting       | 4 |  4.6
Dodging        | 1 |  1.5

Action                   |  1- 3 |  4- 6 |  7- 9 || total
-------------------------+-------+-------+-------++-------
Melee: War axe           |    69 |   133 |   156 ||   358
Throw: Dart              |    41 |    34 |       ||    75
 Abil: Dig               |     2 |     2 |     2 ||     6
       Shaft Self        |     1 |       |       ||     1
  Use: Scroll            |     5 |       |       ||     5
       Potion            |       |     1 |       ||     1
 Stab: Distracted        |       |     2 |       ||     2
Armor: Scale mail        |    40 |    31 |    54 ||   125
       Skin              |       |     1 |       ||     1
Dodge: Dodged            |    33 |    28 |    28 ||    89
Block: Kite shield       |    71 |   107 |   148 ||   326
       Reflection        |       |     8 |     5 ||    13

Table legend: (Time is in decaauts)
 A = Elapsed time spent in this place.
 B = Non-inter-level travel time spent in this place.
 C = Inter-level travel time spent in this place.
 D = Time resting spent in this place.
 E = Time spent auto-exploring this place.
 F = Levels seen in this place.
 G = Mean time per level.
                   A        B        C        D        E       F      G
               +--------+--------+--------+--------+--------+-----+--------+
         Total |   7235 |   7096 |    139 |   1845 |   4154 |   6 | 1205.8 |
       Dungeon |   7235 |   7096 |    139 |   1845 |   4154 |   6 | 1205.8 |
               +--------+--------+--------+--------+--------+-----+--------+

Top non-repeatable levels by time:
     D:4: 2842 daAuts
     D:5: 946 daAuts
     D:3: 935 daAuts
     D:2: 925 daAuts
     D:1: 886 daAuts
     D:6: 699 daAuts
